 Dungeon Crawl Stone Soup version 0.27-a0-1273-gec92ba881d (webtiles) character file.

Game seed: 9479604248028856568

28 deadmanwalking the Sneak (level 2, -6/19 HPs)
             Began as a Vampire Enchanter on June 11, 2021.
             Mangled by Jessica
             ... wielding a +0 dagger
              (8 damage)
             ... on level 2 of the Dungeon.
             The game lasted 00:04:22 (1545 turns).

deadmanwalking the Sneak (Vampire Enchanter)        Turns: 1545, Time: 00:04:23

Health: -6/19      AC:  3    Str:  7    XL:     2   Next: 96%
Magic:  1/5        EV: 12    Int: 17    God:
Gold:   43         SH:  0    Dex: 14    Spells: 2/5 levels left

rFire    . . .     SeeInvis +   a - +2 dagger
rCold    . . .     Faith    .   (no shield)
rNeg     . . .     Spirit   .   b - +0 robe
rPois    .         Reflect  .   g - +1 hat
rElec    .         Harm     .   (no cloak)
rCorr    .         Rampage  .   (no gloves)
Will     .....                  (no boots)
Stlth    +++.......             (no amulet)
HPRegen  0.26/turn              (no ring)
MPRegen  0.09/turn              (no ring)

@: flying, healing quickly, hasted, very quick
A: alive, fangs 3, see invisible, vampiric 1
a: Exsanguinate


You were on level 2 of the Dungeon.
You visited 1 branch of the dungeon, and saw 2 of its levels.

You collected 43 gold pieces.

Inventory:

Hand Weapons
 a - a +2 dagger (weapon)
Missiles
 c - 3 stones
 d - 43 bolts
 e - 19 sling bullets
Armour
 b - a +0 robe (worn)
 g - a +1 hat (worn)
Potions
 f - a potion of haste
 h - a potion of flight


   Skills:
 + Level 1.7 Short Blades
 + Level 2.5 Dodging
 + Level 4.9 Stealth
 + Level 2.2 Spellcasting
 + Level 4.8 Hexes


You had 2 spell levels left.
You knew the following spells:

 Your Spells              Type           Power      Damage    Failure   Level
a - Corona                Hex            20%        N/A       2%          1
b - Ensorcelled Hibernat  Hex/Ice        20%        N/A       11%         2

Your spell library contained the following spells:

 Spells                   Type           Power      Damage    Failure   Level
 Confusing Touch          Hex            18%        N/A       8%          3
 Tukima's Dance           Hex            18%        N/A       8%          3
 Dazzling Flash           Conj/Hex       20%        N/A       22%         3


Dungeon Overview and Level Annotations

Branches:
Dungeon (2/15)

Altars:

Annotations:
D:2 Jessica


Innate Abilities, Weirdness & Mutations

Your natural rate of healing is accelerated.
You have razor-sharp teeth.
You have supernaturally acute eyesight. (SInv)
You are afflicted with vampirism.


Message History

The ball python barely resists.
The ball python bites you but does no damage.
The ball python closely misses you.
The ball python bites you but does no damage.
The ball python closely misses you.
You hit the ball python.
You kill the ball python!
Casting: Corona (safe; 2% risk of failure)
Confirm with . or Enter, or press ? or * to list all spells.
Okay, then.
You see here a ball python corpse.
Casting: Corona (safe; 2% risk of failure)
Confirm with . or Enter, or press ? or * to list all spells.
Aiming: Ensorcelled Hibernation (safe; 11% risk of failure)
Press: ? - help, Shift-Dir - straight line, f - Jessica
Aim: Jessica, wielding a +0 dagger and wearing a +0 robe (fast, chance to affect: 50%) Jessica looks drowsy...
You barely miss Jessica. Your bite misses Jessica.
Jessica casts a spell at you. Pain shoots through your body!
Jessica points at you and mumbles some strange words.
Pain shoots through your body!
Casting: Ensorcelled Hibernation (safe; 11% risk of failure)
Confirm with . or Enter, or press ? or * to list all spells.
Aiming: Corona (safe; 2% risk of failure)
Press: ? - help, Shift-Dir - straight line, f/p - Jessica
Aim: Jessica, wielding a +0 dagger and wearing a +0 robe (fast, chance to affect: 65%) Jessica is outlined in light.
Jessica gestures wildly.
Jessica drinks a potion.
Jessica seems to grow stronger.
You barely miss Jessica. Jessica hits you with a +0 dagger.
* * * LOW HITPOINT WARNING * * *
Jessica hits you with a +0 dagger.
* * * LOW HITPOINT WARNING * * *
It was a potion of flight.
You feel very buoyant.
You fly up into the air.
Jessica misses you.
You feel yourself speed up. Jessica misses you.
Jessica hits you with a +0 dagger!
You die...

##.....###..#..#
...##.##....##.##
.#..#..#..#..#..#
###.##.##....##.##
..#.....###...#
#.##.####...#.#
..#..#†..###†#
#.##...###...##
....###
..#.###...#@.#
.......
###...####@##
....[.. ..# #..#
...S... . ##.##
....... #..# ....#
##.###....#
###.....§(..#
###...###.....#
#...### ##....#


You could see Jessica (fast, strong, corona).

Vanquished Creatures
  3 bats (D:2)
  5 endoplasms
  A giant cockroach (D:2)
  2 goblins (D:1)
  A kobold (D:1)
  A quokka (D:2)
  5 ball pythons
  3 frilled lizards
  4 rats
25 creatures vanquished.

Notes
Turn   | Place    | Note
-------+----------+-------------------------------------------
     0 | D:1      | deadmanwalking the Vampire Enchanter began the quest for
                  | the Orb.
     0 | D:1      | Reached XP level 1. HP: 13/13 MP: 3/3
    98 | D:1      | Found a faded altar of an unknown god.
   510 | D:1      | Reached XP level 2. HP: 17/19 MP: 1/5
   513 | D:1      | Learned a level 2 spell: Ensorcelled Hibernation
  1506 | D:2      | Noticed Jessica
  1545 | D:2      | Mangled by Jessica

Illustrated notes

Levels and vault maps discovered:
D:1:      zelgadis_glass_arrival_small, layout_basic,
          ebering_ecumenical_altar_sacrificial
D:2:      minmay_skewed_foursquare, layout_basic, uniq_jessica

Action                   || total
-------------------------++-------
Melee: Dagger            ||    55
       Bite              ||     3
 Cast: Corona            ||    16
       Ensorcelled Hiber ||     8
  Use: Scroll            ||     5
       Potion            ||     2
 Stab: Sleeping          ||    11
Armor: Robe              ||    12
Dodge: Dodged            ||    41

Table legend: (Time is in decaauts)
 A = Elapsed time spent in this place.
 B = Non-inter-level travel time spent in this place.
 C = Inter-level travel time spent in this place.
 D = Time resting spent in this place.
 E = Time spent auto-exploring this place.
 F = Levels seen in this place.
 G = Mean time per level.
                   A        B        C        D        E       F      G
               +--------+--------+--------+--------+--------+-----+--------+
         Total |   1543 |   1466 |     77 |     58 |   1143 |   2 |  771.5 |
       Dungeon |   1543 |   1466 |     77 |     58 |   1143 |   2 |  771.5 |
               +--------+--------+--------+--------+--------+-----+--------+

Top non-repeatable levels by time:
     D:1: 1183 daAuts
     D:2: 360 daAuts
